 Dungeon Crawl Stone Soup version 0.18.1-50-g88ac8fd (webtiles) character file.

651 magog001 the Covered (level 7, -4/60 HPs)
             Began as a Minotaur Fighter on Nov 6, 2017.
             Slain by an ogre
             ... wielding a +0 giant club
              (17 damage)
             ... on level 5 of the Dungeon.
             The game lasted 00:27:07 (4311 turns).

magog001 the Covered (Minotaur Fighter)             Turns: 4311, Time: 00:27:08

Health: -4/60      AC: 11    Str: 27      XL:     7   Next: 28%
Magic:  5/5        EV:  6    Int:  5      God:
Gold:   152        SH: 10    Dex:  4 (8)  Spells: 0 memorised, 6 levels left

rFire  + + .     SeeInvis +     a - +0 war axe
rCold  . . .     Gourm    .     u - +1 chain mail {rF+}
rNeg   . . .     Faith    .     c - +0 shield
rPois  .         Spirit   .     (helmet unavailable)
rElec  .         Dismiss  .     (no cloak)
rCorr  .         Reflect  .     (no gloves)
SustAt .         Harm     .     (no boots)
MR     .....     Clarity  +     (no amulet)
Stlth  ..........               B - ring of protection from fire
                                j - ring of see invisible

@: mighty, not resistant to hostile enchantments, extremely unstealthy
A: retaliatory headbutt, horns 3, berserk 1, clarity, clumsy 1, deterioration 1,
low mp 1, screaming 1
a: no special abilities


You were on level 5 of the Dungeon.
You were not hungry.

You visited 1 branch of the dungeon, and saw 5 of its levels.

You collected 212 gold pieces.
You spent 60 gold pieces at shops.

Inventory:

Hand Weapons
 a - a +0 war axe (weapon)
 b - a +0 mace of pain
 e - a +2 short sword of draining
 l - a +1 hunting sling
 m - a +0 dagger of holy wrath
 y - a +0 blowgun
Missiles
 k - 94 stones (quivered)
 t - 20 sling bullets
 z - 11 poisoned needles
Armour
 c - a +0 shield (worn)
 u - a +1 chain mail of fire resistance (worn)
Jewellery
 j - a ring of see invisible (left hand)
 A - an uncursed ring of ice
 B - a ring of protection from fire (right hand)
Wands
 g - a wand of disintegration (4/24)
 q - a wand of flame (11/48)
Scrolls
 h - a scroll of teleportation
 i - 7 scrolls of identify
 o - a scroll of fear {unknown}
 s - a scroll of recharging {unknown}
 x - a scroll of remove curse
Potions
 n - 2 potions of curing
 p - a potion of invisibility
Comestibles
 f - 5 bread rations
 r - 2 meat rations
 v - 4 fruits


   Skills:
 * Level 4.9 Fighting
 * Level 3.9 Axes
 * Level 5.0 Slings
 + Level 5.8 Armour
 - Level 0.4 Dodging
 - Level 0.1 Stealth
 + Level 5.2 Shields


You had 6 spell levels left.
You didn't know any spells.

Dungeon Overview and Level Annotations

Branches:
Dungeon (5/15)             Temple (0/1) D:4

Altars:
Elyvilon
Vehumet

Shops:
D:4 *


Innate Abilities, Weirdness & Mutations

You reflexively headbutt those who attack you in melee.
You have a pair of large horns on your head.
You tend to lose your temper in combat.
You possess an exceptional clarity of mind.
You are clumsy. (Dex -2)
Your body sometimes deteriorates upon taking damage.
Your magical capacity is low (-10% MP).
You occasionally shout uncontrollably at your foes.


Message History

The gnoll shaman is heavily wounded.
The gnoll shaman prays to its god.
The gnoll shaman is healed somewhat.
You hit the gnoll shaman. Your headbutt misses the gnoll shaman.
The gnoll shaman is severely wounded.
You block the gnoll shaman's attack.
You slice the gnoll shaman!!
You kill the gnoll shaman!
Your Slings skill increases to level 5!
You block the ogre's attack.
You barely miss the ogre. You block the gnoll's attack.
The gnoll hits you but does no damage. The ogre hits you with a giant club!!
* * * LOW HITPOINT WARNING * * *
Your body deteriorates!
You feel clumsy.
You slash the ogre!
The ogre is moderately wounded.
The gnoll hits you from afar with a spear.
* * * LOW HITPOINT WARNING * * *
The ogre hits you with a giant club!
You die...

#...|..........
....############........
.......................
#....##..........###### .##
#....##..........# ....
#....##..........###### .....
#....##................
....g.##...g##................
!.....)'..goO@................
####'###...g##................
#....###.....#'###'#.## ######
#.....#.# #.#.#< #.....#.#
#.#.## #.....#.# #.#...
#.....#.# #.#### #.....#.#
#..... ##########.......#
######


You could see an ogre, 3 gnolls and an orc.

Vanquished Creatures
  A sky beast (D:5)
  A phantom (D:5)
  An ogre (D:5)
  A jelly (D:5)
  An orc priest (D:5)
  An orc wizard (D:5)
  A gnoll shaman (D:5)
  3 worker ants
  Natasha (thrice) (D:2)
  4 adders
  4 worms
  2 dart slugs (D:1)
  4 giant geckos
  2 orcs (D:5)
  10 bats
  8 giant cockroaches
  4 goblins (D:1)
  10 hobgoblins
  7 kobolds
  A quokka (D:2)
  3 ball pythons
  5 giant newts
  A quokka skeleton (D:4)
  8 rats
86 creatures vanquished.

Notes
Turn   | Place    | Note
--------------------------------------------------------------
     0 | D:1      | magog001 the Minotaur Fighter began the quest for the Orb.
     0 | D:1      | Reached XP level 1. HP: 19/19 MP: 0/0
   257 | D:1      | Reached XP level 2. HP: 26/27 MP: 1/1
   774 | D:1      | Reached XP level 3. HP: 33/33 MP: 2/2
  1297 | D:2      | Reached XP level 4. HP: 28/40 MP: 3/3
  1562 | D:2      | Found a white marble altar of Elyvilon.
  1608 | D:2      | Noticed Natasha
  1619 | D:2      | Killed Natasha
  1619 | D:2      | Reached skill level 1 in Slings
  1880 | D:2      | Noticed Natasha
  1893 | D:2      | Killed Natasha
  2064 | D:2      | Noticed Natasha
  2071 | D:2      | Killed Natasha
  2071 | D:2      | Reached XP level 5. HP: 42/47 MP: 4/4
  2679 | D:4      | Found a staircase to the Ecumenical Temple.
  2839 | D:4      | Found Mqoug's Merry Market.
  2847 | D:4      | Bought a potion of mutation for 30 gold pieces
  2847 | D:4      | Bought a potion of mutation for 30 gold pieces
  2847 | D:4      | Gained mutation: You have supernaturally acute eyesight. [potion of mutation]
  2847 | D:4      | Gained mutation: Your body sometimes deteriorates upon taking damage. [potion of mutation]
  2847 | D:4      | Gained mutation: You possess an exceptional clarity of mind. [potion of mutation]
  2848 | D:4      | Gained mutation: You are clumsy. (Dex -2) [potion of mutation]
  3036 | D:4      | Reached skill level 5 in Armour
  3655 | D:5      | Entered Level 5 of the Dungeon
  3668 | D:5      | Found a radiant altar of Vehumet.
  3679 | D:5      | Reached XP level 6. HP: 53/53 MP: 5/5
  3718 | D:5      | Noticed a sky beast
  3737 | D:5      | Killed a sky beast
  3759 | D:5      | Gained mutation: Your magical capacity is low (-10% MP). [mutagenic meat]
  3760 | D:5      | Lost mutation: You have supernaturally acute eyesight. [mutagenic meat]
  3761 | D:5      | Gained mutation: You tend to lose your temper in combat. [mutagenic meat]
  3852 | D:5      | Gained mutation: You occasionally shout uncontrollably at your foes. [potion of mutation]
  3852 | D:5      | Gained mutation: You have a pair of large horns on your head. [potion of mutation]
  4024 | D:5      | Reached skill level 5 in Shields
  4024 | D:5      | Reached XP level 7. HP: 21/60 MP: 5/5
  4309 | D:5      | Reached skill level 5 in Slings
  4311 | D:5      | Slain by an ogre

Skill      XL: |  1  2  3  4  5  6  7 |
---------------+----------------------+-----
Armour         | 4 5 |  5.8
Shields        | 4 5 |  5.2
Fighting       | 4 |  4.9
Axes           | 3 |  3.9
Slings         | 2 3 4 5 |  5.0
Dodging        | |  0.4
Stealth        | |  0.1

Action                   |  1- 3 |  4- 6 |  7- 9 || total
-------------------------+-------+-------+-------++-------
Melee: War axe           |    80 |    98 |    25 ||   203
       Headbutt          |     9 |    22 |     3 ||    34
       Short sword       |       |    18 |       ||    18
 Fire: Hunting sling     |    15 |    83 |       ||    98
  Use: Scroll            |     1 |     8 |       ||     9
       Potion            |       |     9 |     1 ||    10
  Eat: Chunk             |     1 |    11 |     1 ||    13
       Beef jerky        |       |     1 |       ||     1
Armor: Scale mail        |    24 |       |       ||    24
       Chain mail        |    14 |    93 |    10 ||   117
Dodge: Dodged            |    25 |    33 |    10 ||    68
Block: Shield            |    42 |    82 |    21 ||   145
